 Dungeon Crawl Stone Soup version 0.21-a0-509-gecc5317 (webtiles) character file.

7432 slep the Cleaver (level 10, -7/90 HPs)
             Began as a Minotaur Gladiator on Dec 1, 2017.
             Was a Priest of Okawaru.
             Mangled by a troll (9 damage)
             ... on level 9 of the Dungeon.
             The game lasted 00:49:13 (7264 turns).

slep the Cleaver (Minotaur Gladiator)               Turns: 7264, Time: 00:49:17

Health: -7/90      AC:  9    Str: 20    XL:     10   Next: 93%
Magic:  9/9        EV: 14    Int:  5    God:    Okawaru [***...]
Gold:   662        SH:  3    Dex: 14    Spells: 9/9 levels left

rFire    . . .     SeeInvis .   a - +0 war axe (chop)
rCold    + . .     Gourm    .   i - +0 buckler (curse)
rNeg     . . .     Faith    .   z - +0 ring mail (curse)
rPois    .         Spirit   .   c - +0 hat
rElec    +         Reflect  .   S - +0 cloak
rCorr    +         Harm     .   (no gloves)
MR       .....                  k - +0 pair of boots
Stlth    ++........             G - amulet "Evatat" {RegenMP +Fly rElec Stlth+}
HPRegen  0.25/turn              P - ring of protection from cold
MPRegen  0.36/turn              U - ring of resist corrosion

@: no status effects
A: retaliatory headbutt, horns 2
a: Heroism, Renounce Religion, Evoke Flight


You were on level 9 of the Dungeon.
You worshipped Okawaru.
Okawaru was most pleased with you.
You were hungry.

You visited 2 branches of the dungeon, and saw 10 of its levels.
You also visited: Sewer and Ossuary.

You collected 662 gold pieces.

Inventory:

Hand Weapons
 a - a +0 war axe of chopping (weapon)
 b - a +0 blowgun
 T - the +6 mace of Trog's Hope {crush, Dex+4}
   (You found it on level 7 of the Dungeon)

   It inflicts extra damage upon your enemies.
   It affects your dexterity (+4).
 Z - a +1 spear of venom
Missiles
 d - 6 throwing nets (quivered)
 w - 40 poisoned needles
Armour
 c - a +0 hat (worn)
 i - a cursed +0 buckler (worn)
 k - a +0 pair of boots (worn)
 z - a cursed +0 ring mail (worn)
 S - a +0 cloak (worn)
Jewellery
 e - an uncursed amulet of guardian spirit
 j - the amulet "Iboloir" {Spirit +Blink rC+++ Dex+3}
   (You found it on level 8 of the Dungeon)

   [amulet of guardian spirit]

   It causes incoming damage to be split between your health and magic.
   It affects your dexterity (+3).
   It renders you almost immune to cold.
   It lets you blink.
 n - an uncursed amulet of regeneration
 G - the amulet "Evatat" (around neck) {RegenMP +Fly rElec Stlth+}
   (You found it on level 4 of the Dungeon)

   [amulet of magic regeneration]

   It increases your magic regeneration.
   It insulates you from electricity.
   It lets you fly.
   It makes you more stealthy.
 P - a ring of protection from cold (left hand)
 U - a ring of resist corrosion (right hand)
 X - an uncursed ring of wizardry
Wands
 C - a wand of paralysis (32)
 J - a wand of polymorph (17)
 R - a wand of random effects (43)
Scrolls
 h - a scroll of fog {unknown}
 m - a scroll of enchant weapon {unknown}
 p - 4 scrolls of magic mapping {unknown}
 q - 9 scrolls of teleportation
 r - a scroll of noise {unknown}
 x - a scroll of remove curse {unknown}
 y - 8 scrolls of identify {unknown}
 E - a scroll of random uselessness {unknown}
 I - a scroll of amnesia {unknown}
 L - 4 scrolls of blinking {unknown}
Potions
 s - 9 potions of flight
 t - 2 potions of curing
 A - 2 potions of might
 B - 3 potions of haste
 D - a potion of ambrosia {unknown}
 H - 3 potions of heal wounds {unknown}
 K - a potion of resistance {unknown}
 N - 2 potions of berserk rage {unknown}
Miscellaneous
 Y - a phial of floods
Comestibles
 f - 6 bread rations
 g - 2 royal jellies
 l - 7 meat rations
 M - 4 fruits
 V - 4 chunks of flesh


   Skills:
 + Level 8.8 Fighting
 + Level 13.5(13.7) Axes
 + Level 3.6(9.7) Maces & Flails
 + Level 0.4(9.0) Polearms
 + Level 3.5 Throwing
 + Level 8.0 Armour
 + Level 7.1 Dodging
 + Level 1.6 Stealth
 + Level 0.7 Evocations


You had 9 spell levels left.
You didn't know any spells.

Dungeon Overview and Level Annotations

Branches:
Dungeon (9/15)             Temple (1/1) D:7            Lair (0/6) D:8
    Orc: D:9-12

Altars:
Cheibriados
Elyvilon
Fedhas
Gozag
Hepliaklqana
Kikubaaqudgha
Makhleb
Nemelex Xobeh
Okawaru
Qazlal
Ru
Sif Muna
Trog
Uskayaw
Vehumet
Wu Jian
Xom
Yredelemnul
Zin
The Shining One

Shops:
D:4 %   D:8 [


Innate Abilities, Weirdness & Mutations

You reflexively headbutt those who attack you in melee.
You have a pair of horns on your head.


Message History

The troll is lightly wounded.
You hit the plant but do no damage. The troll misses you. x2
The troll claws you.
You slash the troll!
The troll is heavily wounded.
You slash the plant! The troll bites you!
* * * LOW HITPOINT WARNING * * *
The troll claws you but does no damage. You block the troll's attack.
Things that are here:
a flail; an orc corpse
Things that are here:
a flail; an orc corpse You slash the troll!
Your headbutt misses the troll.
The troll is almost dead.
The troll bites you!
* * * LOW HITPOINT WARNING * * *
The troll claws you!
* * * LOW HITPOINT WARNING * * *
The troll claws you!
You die...

§ § ♣♣... .####.. ♣§♣P♣♣♣..P
.........♣ ♣..♣.♣.(###...P.....
♣..♣.P(#.#..⌠......
♣♣P...#.#........
..♣...†.#'#....... ♣
P♣♣.P♣♣P..P....P.## .P ..
..P♣P♣♣..†......#. ..♣♣ %.
♣..P..♣P..#@)..P#'#.♣P♣ #
♣.♣♣♣...♣....#T.)......P♣#.
♣..♣..P.P♣♣...#........♣..
#..♣....8..♣P.P...........##
#..................#+#.♣P..#..#
P.......8....P♣....# #).♣..#..#
..P.........PP.♣...###.♣.♣ #..#
P..........PP.♣........P♣.##..##
..)#+#..P♣.♣♣P.♣♣.§.((♣♣♣♣.....


You could see a troll.

Vanquished Creatures
  A two-headed ogre (D:9)
  Pikel (D:4)
  A polar bear (D:8)
  3 hippogriffs
  A wraith (D:8)
  2 yaks (D:8)
  2 hungry ghosts
  2 porcupines (D:9)
  7 ice beasts
  2 orc warriors
  A slave (D:4)
  2 sky beasts
  A black bear (D:8)
  3 ogres
  A phantom (D:6)
  3 wolves (D:8)
  2 centaurs
  The ghost of Maxmaps the Chopper, an amateur DsGl (Sewer)
  7 bullfrogs
  An elf zombie (Ossuary)
  2 gnoll sergeants
  5 scorpions (D:7)
  3 electric eels (D:8)
  5 howler monkeys
  4 crimson imps
  2 bullfrog zombies
  A human zombie (Ossuary)
  5 orc priests
  3 hounds
  A centaur skeleton (D:5)
  An iguana (D:5)
  A merfolk siren (Sewer)
  3 orc wizards
  12 worker ants
  A statue (D:7)
  A merfolk avatar (Sewer)
  A big kobold zombie (Ossuary)
  A centaur simulacrum (D:8)
  2 bullfrog simulacra (D:8)
  2 hound zombies
  A hound skeleton (D:8)
  A killer bee simulacrum (D:8)
  4 mummies (Ossuary)
  2 worker ant zombies
  Robin (D:4)
  9 gnolls
  A howler monkey skeleton (D:8)
  9 adders
  2 river rats (Sewer)
  A hound simulacrum (D:8)
  6 white imps (D:8)
  2 ufetubi
  4 oozes
  An adder skeleton (D:4)
  2 adder zombies (D:8)
  2 worms
  3 dart slugs
  An adder simulacrum (D:8)
  5 leopard geckos
  18 orcs
  8 ball pythons
  5 giant cockroaches
  A gnoll zombie (Ossuary)
  14 goblins
  13 hobgoblins
  15 jackals
  5 kobolds
  3 quokkas
  16 bats
  9 frilled lizards
  3 goblin zombies (Ossuary)
  A hobgoblin zombie (Ossuary)
  A jackal zombie (Ossuary)
  2 kobold zombies (Ossuary)
  A quokka skeleton (D:8)
  A quokka zombie (D:5)
  19 rats
  A rat zombie (Ossuary)
  A butterfly (D:7)
  A fungus (D:7)
  3 plants (D:9)
298 creatures vanquished.

Vanquished Creatures (others)
  A white imp (D:8)
  An adder simulacrum (D:8)
  A plant (D:9)
3 creatures vanquished.

Grand Total: 301 creatures vanquished

Notes
Turn   | Place    | Note
-------+----------+-------------------------------------------
     0 | D:1      | slep the Minotaur Gladiator began the quest for the Orb.
     0 | D:1      | Reached XP level 1. HP: 18/18 MP: 0/0
   119 | D:1      | Reached skill level 4 in Axes
   119 | D:1      | Reached XP level 2. HP: 25/25 MP: 1/1
   237 | D:1      | Reached XP level 3. HP: 30/30 MP: 2/2
   523 | D:2      | Reached skill level 1 in Armour
   588 | D:2      | Found a faded altar of an unknown god.
   883 | D:2      | Reached XP level 4. HP: 38/38 MP: 3/3
  1222 | D:3      | Reached skill level 5 in Axes
  1510 | D:3      | Found a blossoming altar of Fedhas.
  1921 | D:3      | Found a glowing silver altar of Zin.
  1922 | D:3      | Found a basalt altar of Yredelemnul.
  1989 | D:4      | Reached XP level 5. HP: 45/45 MP: 4/4
  1999 | D:4      | Noticed Robin
  2007 | D:4      | Killed Robin
  2034 | D:4      | Found a hide-covered altar of Uskayaw.
  2064 | D:4      | Found Etwanun's Food Shoppe.
  2135 | D:4      | Found a glowing drain.
  2139 | Sewer    | Entered a sewer
  2249 | Sewer    | Noticed Maxmaps's ghost (amateur DsGl)
  2255 | Sewer    | Killed Maxmaps's ghost
  2255 | Sewer    | Reached skill level 6 in Axes
  2255 | Sewer    | Reached XP level 6. HP: 52/52 MP: 5/5
  2801 | D:4      | Reached skill level 7 in Axes
  2853 | D:4      | Noticed a slave
  2854 | D:4      | Noticed Pikel
  2854 | D:4      | Noticed a slave
  2863 | D:4      | Noticed a slave
  2865 | D:4      | Killed a slave
  2873 | D:4      | Killed Pikel
  2873 | D:4      | Reached skill level 8 in Axes
  2873 | D:4      | Reached skill level 5 in Armour
  2873 | D:4      | Reached XP level 7. HP: 15/60 MP: 6/6
  2884 | D:4      | Got an ancient iron amulet
  2886 | D:4      | Identified the amulet "Evatat" {RegenMP +Fly rElec Stlth+} (You found it on level 4 of the Dungeon)
  2915 | D:4      | Reached skill level 5 in Fighting
  3034 | D:4      | Found a burning altar of Makhleb.
  3034 | D:4      | Found a snail-covered altar of Cheibriados.
  3039 | D:4      | Found a glowing golden altar of the Shining One.
  3041 | D:4      | Found an ornate altar of the Wu Jian Council.
  3051 | D:4      | Found a deep blue altar of Sif Muna.
  3052 | D:4      | Reached XP level 8. HP: 51/68 MP: 7/7
  3118 | D:5      | Entered Level 5 of the Dungeon
  3182 | D:5      | Reached skill level 9 in Axes
  3777 | D:6      | Reached skill level 10 in Axes
  3923 | D:6      | Reached XP level 9. HP: 70/75 MP: 8/8
  4210 | D:7      | Reached skill level 5 in Dodging
  4354 | D:7      | Found a snail-covered altar of Cheibriados.
  4391 | D:7      | Found a shimmering altar of Xom.
  4421 | D:7      | Reached skill level 11 in Axes
  4568 | D:7      | Reached skill level 1 in Stealth
  4623 | D:7      | Found a radiant altar of Vehumet.
  4727 | D:7      | Found a sand-covered staircase.
  4732 | Ossuary  | Entered an ossuary
  5115 | D:7      | Got an ebony mace
  5117 | D:7      | Identified the +6 mace of Trog's Hope {crush, Dex+4} (You found it on level 7 of the Dungeon)
  5323 | D:8      | Reached skill level 12 in Axes
  5466 | D:7      | Found a staircase to the Ecumenical Temple.
  5503 | D:8      | Found a staircase to the Lair.
  5512 | D:8      | Found an opulent altar of Gozag.
  5557 | Temple   | Entered the Ecumenical Temple
  5565 | Temple   | Became a worshipper of Warmaster Okawaru
  5579 | D:7      | Reached XP level 10. HP: 84/88 MP: 9/9
  5813 | D:8      | Reached skill level 1 in Maces & Flails
  5815 | D:8      | Reached * piety under Okawaru
  5928 | D:8      | Found Ijautoargh's Armour Shoppe.
  6040 | D:8      | Found a transporter.
  6139 | D:8      | Reached ** piety under Okawaru
  6773 | D:8      | Got an ancient garnet amulet
  6800 | D:8      | Reached skill level 13 in Axes
  6811 | D:8      | Found a transporter.
  6929 | D:9      | Noticed a two-headed ogre
  6941 | D:9      | Killed a two-headed ogre
  6941 | D:9      | Reached *** piety under Okawaru
  7055 | D:9      | Identified the amulet "Iboloir" {Spirit +Blink rC+++ Dex+3} (You found it on level 8 of the Dungeon)
  7264 | D:9      | HP: 2/90 [troll (7)]
  7264 | D:9      | Mangled by a troll

Vault maps used:
D:1:      eino_arrival_water_cross, minmay_misc_feat_x, minmay_pentomino_w2
D:2:      chequers_ecumenical_altar_simple_redux, kennysheep_big_empty_room
D:3:      fedhas_altar_2, gammafunk_temple_overflow_statue, first_bread
D:4:      chequers_temple_overflow_minitemple, kennysheep_little_box,
          serial_shops, kennysheep_mini_moat, gup_sewer_entry_bowl, uniq_robin,
          uniq_pikel
D:7:      old_forge, vehumet_statue, xom_butterflies,
          minmay_temple_entry_from_below_a, nicolae_ossuary_entry_plus,
          basic_altar, serial_park_tiny_1
D:8:      gammafunk_the_bubble, grunt_gozag_statues, lair_entry_dummy,
          serial_ice, serial_ice_f, serial_ice_n, serial_ice_j, serial_ice_a,
          serial_ice_m, serial_ice_b, serial_ice_e, serial_shops,
          nicolae_shop_statue_plus
D:9:      wad_woods_settlement, serial_shops, nicolae_shop_statue_plus
Temple:   eino_temple_lava
Sewer:    sewer_sea
Ossuary:  ossuary_minmay_tomb_2a

Skill      XL: |  1  2  3  4  5  6  7  8  9 10 |
---------------+-------------------------------+-----
Axes           | 4 5 6 8 10 12 13 | 13.5
Fighting       | 3 4 5 6 7 8 |  8.8
Armour         | 1 3 5 6 7 8 |  8.0
Dodging        | 4 5 7 |  7.1
Throwing       | 3 |  3.5
Stealth        | 1 |  1.6
Maces & Flails | 3 |  3.6
Polearms       | |  0.4
Evocations     | |  0.7

Action                   |  1- 3 |  4- 6 |  7- 9 | 10-12 || total
-------------------------+-------+-------+-------+-------++-------
Melee: War axe           |    60 |   174 |   263 |   130 ||   627
       Headbutt          |     7 |    27 |    58 |    54 ||   146
       Mace              |       |       |     1 |    40 ||    41
       Spear             |       |       |       |    53 ||    53
 Fire: Blowgun           |       |       |     5 |     6 ||    11
Throw: Throwing net      |       |       |       |     1 ||     1
Evoke: Wand              |       |       |     1 |       ||     1
  Use: Potion            |       |     1 |       |     4 ||     5
 Stab: Paralysed         |       |       |     1 |       ||     1
       Held in net/web   |       |       |     1 |       ||     1
       Sleeping          |       |       |       |     2 ||     2
  Eat: Chunk             |       |     7 |    10 |     6 ||    23
Armor: Leather armour    |    10 |       |       |       ||    10
       Ring mail         |    12 |    66 |    77 |    54 ||   209
Dodge: Dodged            |    45 |   118 |   186 |   128 ||   477
Block: Buckler           |       |       |       |     7 ||     7

Table legend:
 A = Spawn XP
 B = Non-spawn XP
 C = Spawn XP percentage of total XP
 D = Spawn monster count
 E = Non-spawn monster count
 F = Spawn count percentage of total count
 G = Total turns spent on level
                    A         B        C        D         E        F      G
               +---------+---------+-------+---------+---------+-------+---------
         Total |       0 |   10618 |   0.0 |       0 |     293 |   0.0 |  7264
               +---------+---------+-------+---------+---------+-------+---------
           D:1 |       0 |      59 |   0.0 |       0 |      24 |   0.0 |   446
           D:2 |       0 |      62 |   0.0 |       0 |      20 |   0.0 |   770
           D:3 |       0 |      39 |   0.0 |       0 |      11 |   0.0 |   719
           D:4 |       0 |    1105 |   0.0 |       0 |      32 |   0.0 |   773
           D:5 |       0 |     761 |   0.0 |       0 |      17 |   0.0 |   580
           D:6 |       0 |     530 |   0.0 |       0 |       9 |   0.0 |   507
           D:7 |       0 |    2167 |   0.0 |       0 |      48 |   0.0 |  1251
           D:8 |       0 |    3766 |   0.0 |       0 |      65 |   0.0 |  1251
           D:9 |       0 |    1623 |   0.0 |       0 |      14 |   0.0 |   365
         Sewer |       0 |     268 |   0.0 |       0 |      37 |   0.0 |   410
       Ossuary |       0 |     238 |   0.0 |       0 |      16 |   0.0 |   173
               +---------+---------+-------+---------+---------+-------+---------
